 Dungeon Crawl Stone Soup version 0.28-a0-998-gb9e9c7b67e (webtiles) character file.

Game seed: 14465258041016766555

111 ytrimaz the Insei (level 4, -5/30 HPs)
             Began as an Octopode Transmuter on Dec 5, 2021.
             Killed by divine providence
             ... invoked by an orc priest
              (14 damage)
             ... on level 3 of the Dungeon.
             The game lasted 00:02:46 (3874 turns).

ytrimaz the Insei (Octopode Transmuter)             Turns: 3874, Time: 00:02:46

Health: -5/30      AC:  2    Str:  9    XL:     4   Next: 92%
Magic:  4/7        EV: 19    Int: 17    God:
Gold:   115        SH:  0    Dex: 17    Spells: 4/8 levels left

rFire   . . .      SeeInvis .     - Unarmed
rCold   + . .      Faith    .   (shield currently unavailable)
rNeg    . . .      Spirit   .   (helmet currently unavailable)
rPois   x          Reflect  .   (no amulet)
rElec   .          Harm     .   a - ring of protection from cold
rCorr   .          Rampage  .   (no ring)
Will    .....                   (no ring)
Stlth   ++........              (no ring)
HPRegen 0.10/turn               (no ring)
MPRegen 0.10/turn               (no ring)
                                (no ring)
                                (no ring)

@: spider-form
A: venomous fangs, almost no armour, (amphibious), 8 rings, tiny, (camouflage
1), (gelatinous body 1), (nimble swimmer 1), (tentacles)
a: End Transformation


You were on level 3 of the Dungeon.
You were a venomous arachnid creature.
You visited 1 branch of the dungeon, and saw 3 of its levels.

You collected 115 gold pieces.

Inventory:

Jewellery
 a - a ring of protection from cold (left front leg)
 g - a ring of fire
Scrolls
 b - a scroll of teleportation
 c - a scroll of amnesia
 e - a scroll of enchant armour
Potions
 d - a potion of curing {unknown}
 f - a potion of resistance {unknown}
 h - a potion of heal wounds {unknown}
 i - a potion of invisibility {unknown}


   Skills:
 * Level 2.4 Fighting
 + Level 2.4 Dodging
 + Level 3.8 Unarmed Combat
 + Level 2.5 Spellcasting
 + Level 2.7 Transmutations


You had 4 spell levels left.
You knew the following spells:

 Your Spells              Type           Power      Damage    Failure   Level
a - Beastly Appendage     Tmut           22%        N/A       17%         1
b - Spider Form           Tmut/Pois      6%         N/A       54%         3

Your spell library contained the following spells:

 Spells                   Type           Power      Damage    Failure   Level
 Wereblood                Tmut           11%        N/A       22%         2
 Apportation              Tloc           4%         N/A       38%         1
 Magic Dart               Conj           8%         1d3       38%         1
 Searing Ray              Conj           4%         2d4       50%         2
 Ice Form                 Ice/Tmut       6%         N/A       87%         4
 Petrify                  Tmut/Erth      6%         N/A       87%         4
 Fulminant Prism          Conj/Hex       1%         3d6       96%         4
 Leda's Liquefaction      Hex/Erth       1%         N/A       96%         4
 Alistair's Intoxication  Tmut/Pois      4%         N/A       99%         5
 Lehudib's Crystal Spear  Conj/Erth      1%         10d2      100%        8


Dungeon Overview and Level Annotations

Branches:
Dungeon (3/15)

Altars:
Trog


Innate Abilities, Weirdness & Mutations

You are a venomous arachnid creature.
You have poisonous fangs.
You are tiny and dextrous.
Your spellcasting is less reliable in this form.
Your armour is entirely melded.
You are incapable of wielding weapons or throwing items.
You cannot wear most types of armour.
((You are amphibious.))
You can wear up to eight rings at the same time.
((Your skin changes colour to match your surroundings (Stealth+).))
((Your rubbery body absorbs attacks. (AC +1, EV +1)))
((You are camouflaged near water. (Stealth+)))
((You have tentacles for arms and can constrict up to eight enemies at once.))


Message History

The orc priest barely misses you.
Unknown command.
You tentacle-slap the orc. You grab the orc.
The orc is severely wounded.
Your transformation is almost over.
You constrict the orc, but do no damage.
The orc hits you with a +0 falchion.
The orc priest hits you with a +0 falchion.
You tentacle-slap the orc.
The orc is almost dead.
You constrict the orc.
You kill the orc!
Items here: ))) [[ ††.
Unknown command.
Okay, then.
Casting: Beastly Appendage (safe; 6% risk of failure)
Confirm with . or Enter, or press ? or * to list all spells.
The spell is quite dangerous to miscast (32% risk of failure)!
Continue anyway?
Your tentacle spike disappears.
You turn into a venomous arachnid creature.
The orc priest closely misses you.
Unknown command.
You hit the orc priest but do no damage.
The orc priest is poisoned.
The orc priest misses you.
You hit the orc priest.
The orc priest is lightly wounded.
The orc priest casts a cantrip, but nothing happens.
You hit the orc priest.
The orc priest looks as sick as possible!
The orc priest is moderately wounded.
The orc priest hits you with a +0 falchion.
You hit the orc priest.
The orc priest looks as sick as possible!
The orc priest is heavily wounded.
The orc priest hits you with a +0 falchion.
* * * LOW HITPOINT WARNING * * *
Unknown command.
The orc priest mumbles some strange prayers to Beogh against you.
Beogh smites you!
You die...

. .. ...
#############... ....
................ .....
######...#####...
......##........######+#
..........s.............
#.#..###o###.##.######.#
#......# #.##.##
.....#######.##..# ...
#....#......## .
#.##.######..# #
#.......#..####.
#..#.#..........#
#..#.######.#####


You could see an orc priest (extremely poisoned).

Vanquished Creatures
  An orc wizard (D:3)
  3 adders (D:3)
  2 dart slugs
  5 orcs (D:3)
  8 ball pythons
  6 bats
  4 endoplasms
  A giant cockroach (D:2)
  3 goblins
  3 hobgoblins (D:1)
  7 kobolds
  A quokka (D:1)
  A frilled lizard (D:3)
  5 rats
50 creatures vanquished.

Vanquished Creatures (others)
  4 fungi (D:1)
  3 plants (D:1)
7 creatures vanquished.

Grand Total: 57 creatures vanquished

Notes
Turn   | Place    | Note
-------+----------+-------------------------------------------
     0 | D:1      | ytrimaz the Octopode Transmuter began the quest for the
                  | Orb.
     0 | D:1      | Reached XP level 1. HP: 13/13 MP: 3/3
     1 | D:1      | Noticed an electric eel
   477 | D:1      | Reached XP level 2. HP: 18/18 MP: 3/5
  1286 | D:1      | Reached XP level 3. HP: 23/23 MP: 4/6
  1336 | D:1      | Found a faded altar of an unknown god.
  2231 | D:2      | Learned a level 3 spell: Spider Form
  2337 | D:2      | Found a bloodstained altar of Trog.
  2409 | D:2      | Got the Grimoire of Clay
  2867 | D:3      | Reached XP level 4. HP: 10/29 MP: 3/7
  3874 | D:3      | Killed from afar by an orc priest

Illustrated notes

Levels and vault maps discovered:
D:1:      arrival_aquarium_a, layout_loops_ring,
          shapermc_ecumenical_altar_ellora, chequers_serial_rivers_small_b
D:2:      layout_basic, basic_altar
D:3:      layout_basic

Skill      XL: |  1  2  3  4 |
---------------+-------------+-----
Fighting       | 2 |  2.4
Dodging        | |  2.4
Unarmed Combat | |  3.8
Spellcasting   | |  2.5
Transmutations | |  2.7

Action                   |  1- 3 |  4- 6 || total
-------------------------+-------+-------++-------
Melee: Unarmed           |    87 |    33 ||   120
       Kick              |    18 |     3 ||    21
       Constrict         |    22 |     6 ||    28
       Tentacles         |    11 |       ||    11
 Cast: Beastly Appendage |    23 |     4 ||    27
       Spider Form       |     1 |     3 ||     4
  Use: Scroll            |     4 |       ||     4
 Stab: Sleeping          |     2 |     4 ||     6
Armor: Skin              |    16 |     2 ||    18
Dodge: Dodged            |    81 |    19 ||   100

Table legend: (Time is in decaauts)
 A = Elapsed time spent in this place.
 B = Non-inter-level travel time spent in this place.
 C = Inter-level travel time spent in this place.
 D = Time resting spent in this place.
 E = Time spent auto-exploring this place.
 F = Levels seen in this place.
 G = Mean time per level.
                   A        B        C        D        E       F      G
               +--------+--------+--------+--------+--------+-----+--------+
         Total |   3864 |   3781 |     83 |    218 |   3128 |   3 | 1288.0 |
       Dungeon |   3864 |   3781 |     83 |    218 |   3128 |   3 | 1288.0 |
               +--------+--------+--------+--------+--------+-----+--------+

Top non-repeatable levels by time:
     D:1: 1956 daAuts
     D:3: 1018 daAuts
     D:2: 888 daAuts
